3A
HIGHWOOD HAWKS @ PROVO MANGO
05/17/2025
 
TOP OF THE 1ST
Highwood Hawks batting - Pitching for Provo Mango : RHP Javier Mena
Pitching: RHP Javier Mena
Batting: RHB Dennis Dudash 0-0: Ball
1-0: Called Strike
1-1: Foul Ball, location: 2F
1-2: Ball
2-2: Strikes out swinging
Batting: RHB Rojo Nasution 0-0: Called Strike
0-1: Called Strike
0-2: Ground out 1-3 (Groundball, 13)
Batting: LHB Kendrick Sullivan 0-0: Ball
1-0: Ball
2-0: Ball
3-0: Called Strike
3-1: Foul Ball, location: 2F
3-2: Base on Balls
Batting: RHB James Hill 0-0: Ball
1-0: Ball
2-0: Ball
3-0: Called Strike
3-1: Foul Ball, location: 2F
3-2: Strikes out swinging
Top of the 1st over - 0 run(s), 0 hit(s), 0 error(s), 1 left on base; Highwood 0 - Provo 0
BOTTOM OF THE 1ST
Provo Mango batting - Pitching for Highwood Hawks : RHP Stanley Eldrige
Pitching: RHP Stanley Eldrige
Batting: RHB Daniel Maldonado 0-0: Swinging Strike
0-1: Called Strike
0-2: Strikes out swinging
Batting: RHB James Pike 0-0: Called Strike
0-1: Ball
1-1: Ball
2-1: Ground out 6-3 (Groundball, 6)
Batting: SHB Jesús Herrera 0-0: Ground out 6-3 (Groundball, 6)
Bottom of the 1st over - 0 run(s), 0 hit(s), 0 error(s), 0 left on base; Highwood 0 - Provo 0
TOP OF THE 2ND
Highwood Hawks batting - Pitching for Provo Mango : RHP Javier Mena
Batting: RHB Pepe Álvarez 0-0: Called Strike
0-1: Swinging Strike
0-2: Strikes out swinging
Batting: SHB Gabriel Pittman 0-0: Foul Ball, location: 2F
0-1: Ball
1-1: Foul Ball, location: 2F
1-2: Strikes out swinging
Batting: RHB Andrew Crosby 0-0: Swinging Strike
0-1: Ball
1-1: Ball
2-1: Ball
3-1: SINGLE (Line Drive, 89M)
Batting: RHB Raleigh Delaney 0-0: Called Strike
0-1: Ball
1-1: Ball
2-1: Ball
3-1: Fly out, F7 (Flyball, 7)
Top of the 2nd over - 0 run(s), 1 hit(s), 0 error(s), 1 left on base; Highwood 0 - Provo 0
BOTTOM OF THE 2ND
Provo Mango batting - Pitching for Highwood Hawks : RHP Stanley Eldrige
Batting: RHB Restin P. Surambe 0-0: Called Strike
0-1: Swinging Strike
0-2: Strikes out swinging
Batting: RHB António Marquis 0-0: Foul Ball, location: 2F
0-1: Foul Ball, location: 2F
0-2: Ground out 5-3 (Groundball, 56)
Batting: RHB Mauro Longoria 0-0: Ground out 5-3 (Groundball, 56S)
Bottom of the 2nd over - 0 run(s), 0 hit(s), 0 error(s), 0 left on base; Highwood 0 - Provo 0
TOP OF THE 3RD
Highwood Hawks batting - Pitching for Provo Mango : RHP Javier Mena
Batting: RHB Luis Estrada 0-0: Ball
1-0: Ball
2-0: Fly out, F8 (Flyball, 8RM)
Batting: RHB Dennis Dudash 0-0: Called Strike
0-1: Ball
1-1: Ball
2-1: Ball
3-1: Foul Ball, location: 2F
3-2: Fly out, F8 (Flyball, 8LM)
Batting: RHB Rojo Nasution 0-0: Called Strike
0-1: Ball
1-1: Fly out, F3 (Line Drive, 34)
Top of the 3rd over - 0 run(s), 0 hit(s), 0 error(s), 0 left on base; Highwood 0 - Provo 0
BOTTOM OF THE 3RD
Provo Mango batting - Pitching for Highwood Hawks : RHP Stanley Eldrige
Batting: RHB Felipe Córdova 0-0: Ball
1-0: Ball
2-0: Ball
3-0: Called Strike
3-1: SINGLE (Groundball, 6D)
Batting: RHB Jesús Ramos 0-0: Ball
1-0: Foul Ball, location: 2F
1-1: Called Strike
1-2: Ball
2-2: Strikes out swinging
Batting: RHB António Quiñones 0-0: Ball
1-0: Fielders Choice at 2nd, 5-4 (Groundball, 56)
Batting: RHB Daniel Maldonado 0-0: Swinging Strike
0-1: Foul Ball, location: 2F
0-2: Strikes out swinging
Bottom of the 3rd over - 0 run(s), 1 hit(s), 0 error(s), 1 left on base; Highwood 0 - Provo 0
TOP OF THE 4TH
Highwood Hawks batting - Pitching for Provo Mango : RHP Javier Mena
Batting: LHB Kendrick Sullivan 0-0: Ball
1-0: Fly out, F9 (Flyball, 89M)
Batting: RHB James Hill 0-0: Ball
1-0: Called Strike
1-1: Ball
2-1: Foul Ball, location: 2F
2-2: Strikes out swinging
Batting: RHB Pepe Álvarez 0-0: Foul Ball, location: 2F
0-1: Ball
1-1: Swinging Strike
1-2: Strikes out swinging
Top of the 4th over - 0 run(s), 0 hit(s), 0 error(s), 0 left on base; Highwood 0 - Provo 0
BOTTOM OF THE 4TH
Provo Mango batting - Pitching for Highwood Hawks : RHP Stanley Eldrige
Batting: RHB James Pike 0-0: Ball
1-0: Foul Ball, location: 2F
1-1: Called Strike
1-2: Foul Ball, location: 2F
1-2: Strikes out swinging
Batting: SHB Jesús Herrera 0-0: Ball
1-0: Called Strike
1-1: Ball
2-1: Ball
3-1: SINGLE (Line Drive, 56)
Batting: RHB Restin P. Surambe 0-0: Fielders Choice at 2nd, 1-4 (Groundball, 15)
Batting: RHB António Marquis 0-0: Ball
1-0: Called Strike
1-1: Foul Ball, location: 2F
1-2: DOUBLE (Flyball, 89D)
Restin P. Surambe to third
Batting: RHB Mauro Longoria 0-0: Called Strike
0-1: Called Strike
0-2: Ground out 6-3 (Groundball, 56D)
Bottom of the 4th over - 0 run(s), 2 hit(s), 0 error(s), 2 left on base; Highwood 0 - Provo 0
TOP OF THE 5TH
Highwood Hawks batting - Pitching for Provo Mango : RHP Javier Mena
Batting: SHB Gabriel Pittman 0-0: Ball
1-0: Ball
2-0: SINGLE (Groundball, 4MD)
Batting: RHB Andrew Crosby 0-0: Called Strike
0-1: Ball
1-1: Ball
2-1: Sac Bunt - play at first, batter OUT! 1-3
Gabriel Pittman to second
Batting: RHB Raleigh Delaney 0-0: Intentional Walk
Batting: RHB Luis Estrada 0-0: Called Strike
0-1: Swinging Strike
0-2: Strikes out swinging
Batting: RHB Dennis Dudash 0-0: Fly out, F5 (Line Drive, 56)
Top of the 5th over - 0 run(s), 1 hit(s), 0 error(s), 2 left on base; Highwood 0 - Provo 0
BOTTOM OF THE 5TH
Provo Mango batting - Pitching for Highwood Hawks : RHP Stanley Eldrige
Batting: RHB Felipe Córdova 0-0: Ground out 4-3 (Groundball, 4)
Batting: RHB Jesús Ramos 0-0: Ball
1-0: Foul Ball, location: 2F
1-1: Swinging Strike
1-2: Ground out 5-3 (Groundball, 5S)
Batting: RHB António Quiñones 0-0: Called Strike
0-1: Ball
1-1: Ball
2-1: Fly out, F8 (Flyball, 8LS)
Bottom of the 5th over - 0 run(s), 0 hit(s), 0 error(s), 0 left on base; Highwood 0 - Provo 0
TOP OF THE 6TH
Highwood Hawks batting - Pitching for Provo Mango : RHP Javier Mena
Batting: RHB Rojo Nasution 0-0: Called Strike
0-1: Called Strike
0-2: Ground out 4-3 (Groundball, 4)
Batting: LHB Kendrick Sullivan 0-0: Called Strike
0-1: Ball
1-1: Ball
2-1: DOUBLE (Line Drive, 9LM)
Batting: RHB James Hill 0-0: Intentional Walk
Batting: RHB Pepe Álvarez 0-0: Ball
1-0: Ball
2-0: Called Strike
James Hill is caught stealing 2nd base
2-1: Intentional Walk
Batting: SHB Gabriel Pittman 0-0: Ball
1-0: Ball
2-0: Called Strike
2-1: Foul Ball, location: 2F
2-2: Fielders Choice at 2nd, 4-6 (Groundball, 4)
Top of the 6th over - 0 run(s), 1 hit(s), 0 error(s), 1 left on base; Highwood 0 - Provo 0
BOTTOM OF THE 6TH
Provo Mango batting - Pitching for Highwood Hawks : RHP Stanley Eldrige
Batting: RHB Daniel Maldonado 0-0: Ball
1-0: Fly out, F7 (Line Drive, 7)
Batting: RHB James Pike 0-0: Ball
1-0: Ball
2-0: Bunt for hit - play at first, batter OUT! 1-3
Batting: SHB Jesús Herrera 0-0: Ground out 6-3 (Groundball, 6)
Bottom of the 6th over - 0 run(s), 0 hit(s), 0 error(s), 0 left on base; Highwood 0 - Provo 0
TOP OF THE 7TH
Highwood Hawks batting - Pitching for Provo Mango : RHP Javier Mena
Pinch Hitting: LHB Félix González 0-0: Ball
1-0: DOUBLE (Flyball, 8RXD)
Pinch Hitting: RHB Jim Unknown 0-0: Intentional Walk
Batting: RHB Luis Estrada 0-0: Ball
1-0: Foul Ball, location: 2F
1-1: Swinging Strike
1-2: SINGLE (Flyball, 9LS)
Félix González to third
Jim Unknown to second
Batting: RHB Dennis Dudash 0-0: Ball
1-0: Foul Ball, location: 2F
1-1: GRAND SLAM HOME RUN (Flyball, 78D), Distance : 442 ft
Pitching: RHP Héctor Barrera
Batting: RHB Rojo Nasution 0-0: Foul Ball, location: 2F
0-1: Ball
1-1: Ball
2-1: Swinging Strike
2-2: Strikes out looking
Batting: LHB Kendrick Sullivan 0-0: Ball
1-0: Called Strike
1-1: Ball
2-1: Foul Ball, location: 2F
2-2: SINGLE (Line Drive, 9S)
Batting: RHB James Hill 0-0: SINGLE (Groundball, 56D)
Kendrick Sullivan to second
Batting: RHB Pepe Álvarez 0-0: Called Strike
Kendrick Sullivan steals 3rd base
James Hill to second
0-1: Ground out 4-3 (Groundball, 4S)
Kendrick Sullivan scores
James Hill to third
Batting: SHB Gabriel Pittman 0-0: Ground out U3 (Groundball, 34)
Top of the 7th over - 5 run(s), 5 hit(s), 0 error(s), 1 left on base; Highwood 5 - Provo 0
BOTTOM OF THE 7TH
Provo Mango batting - Pitching for Highwood Hawks : RHP Stanley Eldrige
Now in LF: Félix González
Now in CF: Jim Unknown
Batting: RHB Restin P. Surambe 0-0: Called Strike
0-1: Fly out, F5 (Popup, 5L)
Batting: RHB António Marquis 0-0: Called Strike
0-1: Ball
1-1: Foul Ball, location: 2F
1-2: Ball
2-2: Foul Ball, location: 2F
2-2: Ground out 5-3 (Groundball, 56S)
Batting: RHB Mauro Longoria 0-0: Fly out, F4 (Popup, 34D)
Bottom of the 7th over - 0 run(s), 0 hit(s), 0 error(s), 0 left on base; Highwood 5 - Provo 0
TOP OF THE 8TH
Highwood Hawks batting - Pitching for Provo Mango : RHP Héctor Barrera
Batting: LHB Félix González 0-0: Ground out 4-3 (Groundball, 4S)
Batting: RHB Jim Unknown 0-0: Ball
1-0: Ball
2-0: Foul Ball, location: 2F
2-1: Foul Ball, location: 2F
2-2: Foul Ball, location: 2F
2-2: Ground out 5-3 (Groundball, 56S)
Batting: RHB Luis Estrada 0-0: Ball
1-0: Ground out 6-3 (Groundball, 56)
Top of the 8th over - 0 run(s), 0 hit(s), 0 error(s), 0 left on base; Highwood 5 - Provo 0
BOTTOM OF THE 8TH
Provo Mango batting - Pitching for Highwood Hawks : RHP Stanley Eldrige
Now at C: Miguel De La Cruz
Batting: RHB Felipe Córdova 0-0: Called Strike
0-1: Ball
1-1: Foul Ball, location: 2F
1-2: Ground out 4-3 (Groundball, 4S)
Batting: RHB Jesús Ramos 0-0: Swinging Strike
0-1: Called Strike
0-2: Ball
1-2: Strikes out swinging
Batting: RHB António Quiñones 0-0: Called Strike
0-1: Ball
1-1: Called Strike
1-2: Ball
2-2: Ground out 6-3 (Groundball, 56D)
Bottom of the 8th over - 0 run(s), 0 hit(s), 0 error(s), 0 left on base; Highwood 5 - Provo 0
TOP OF THE 9TH
Highwood Hawks batting - Pitching for Provo Mango : RHP Héctor Barrera
Pitching: LHP Nick Riviera
Batting: RHB Dennis Dudash 0-0: Ball
1-0: Foul Ball, location: 2F
1-1: Foul Ball, location: 2F
1-2: Strikes out swinging
Batting: RHB Rojo Nasution 0-0: Ball
1-0: Ball
2-0: Ball
3-0: Called Strike
3-1: Base on Balls
Batting: LHB Kendrick Sullivan 0-0: Ball
1-0: Called Strike
1-1: Ball
Wild Pitch!
Rojo Nasution to second
2-1: Foul Ball, location: 2F
2-2: Ball
3-2: SINGLE (Groundball, 34D)
Rojo Nasution to third
Runner from 3rd tries for Home, SAFE, no throw
Batting: RHB James Hill 0-0: Fly out, F9 (Flyball, 9)
Batting: RHB Pepe Álvarez 0-0: Ball
1-0: Foul Ball, location: 2F
1-1: Ball
2-1: Ball
3-1: Fly out, F9 (Flyball, 89S)
Top of the 9th over - 1 run(s), 1 hit(s), 0 error(s), 1 left on base; Highwood 6 - Provo 0
BOTTOM OF THE 9TH
Provo Mango batting - Pitching for Highwood Hawks : RHP Stanley Eldrige
Batting: RHB Daniel Maldonado 0-0: Called Strike
0-1: Ball
1-1: Ball
2-1: Ball
3-1: Foul Ball, location: 2F
3-2: Foul Ball, location: 2F
3-2: Foul Ball, location: 2F
3-2: DOUBLE (Flyball, 78XD)
Batting: RHB James Pike 0-0: Called Strike
0-1: Ball
1-1: Swinging Strike
1-2: Ball
2-2: Fly out, F8 (Flyball, 8RM)
Runner from 2nd tags up, OUT at 3rd
Batting: SHB Jesús Herrera 0-0: Ball
1-0: Fly out, F5 (Popup, 5D)
Bottom of the 9th over - 0 run(s), 1 hit(s), 0 error(s), 0 left on base; Highwood 6 - Provo 0
Friday, December 30th, 2016 - OOTP Baseball 17.12 Build 75